 Dungeon Crawl Stone Soup version 0.20.1-1-g8b1a95d (webtiles) character file.

132 KleinerIrrer the Insei (level 4, -1/34 HPs)
             Began as a Demigod Transmuter on July 3, 2017.
             Slain by Grinder (2 damage)
             ... on level 3 of the Dungeon.
             The game lasted 00:06:46 (1714 turns).

KleinerIrrer the Insei (Demigod Transmuter)         Turns: 1714, Time: 00:06:47

Health: -1/34      AC:  7    Str: 12 (15) XL:     4   Next: 62%
Magic:  0/10       EV: 11    Int: 20 (22) God:
Gold:   79         SH:  0    Dex: 15 (16) Spells: 5/8 levels left

rFire    + . .     SeeInvis .     - Unarmed
rCold    . . .     Gourm    .   (no shield)
rNeg     . . .     Faith    .   p - +2 ring mail {rF+}
rPois    .         Spirit   +   (no helmet)
rElec    .         Reflect  .   (no cloak)
rCorr    .         Harm     .   (no gloves)
MR       .....                  (boots currently unavailable)
Stlth    +.........             m - amulet of guardian spirit
Regen    0.2/turn               (no ring)
MPRegen  0.2/turn               (no ring)

@: brilliant, appendage
A: talons 3, high mp 1
a: End Transformation


You were on level 3 of the Dungeon.
You were not hungry.
You had grown temporary talons.
You visited 1 branch of the dungeon, and saw 3 of its levels.

You collected 79 gold pieces.

Inventory:

Missiles
 a - 76 arrows
 i - 7 poisoned needles
Armour
 p - a +2 ring mail of fire resistance (worn)
Jewellery
 m - an amulet of guardian spirit (around neck)
Wands
 b - a wand of confusion (14/48)
Scrolls
 e - 4 scrolls of identify {unknown}
 o - a scroll of magic mapping {unknown}
 q - 2 scrolls of noise {unknown}
Books
 c - a book of Changes

   Spells                             Type                      Level
   a - Beastly Appendage              Transmutation                1
   b - Sticks to Snakes               Transmutation                2
   c - Spider Form                    Transmutation/Poison         3
   d - Ice Form                       Ice/Transmutation            4
   e - Blade Hands                    Transmutation                5
Comestibles
 d - 3 bread rations
 f - 6 fruits
 g - 2 royal jellies
 h - a chunk of flesh
 n - a meat ration


   Skills:
 - Level 0.8 Fighting
 * Level 1.6 Armour
 - Level 1.8 Dodging
 - Level 3.7 Unarmed Combat
 - Level 2.5 Spellcasting
 - Level 2.5 Transmutations


You had 5 spell levels left.
You knew the following spells:

 Your Spells              Type           Power        Failure   Level  Hunger
a - Beastly Appendage     Tmut           ###...       1%          1    None
b - Sticks to Snakes      Tmut           ###.....     2%          2    ##.....


Dungeon Overview and Level Annotations

Branches:
Dungeon (3/15)

Annotations:
D:3 Grinder; KleinerIrrer's ghost, amateur TrGl


Innate Abilities, Weirdness & Mutations

You have an increased reservoir of magic. (+10% MP)
You have claws for feet.


Message History

Your feet morph into talons.
Grinder rolls her eyes.
Grinder blinks!
Eating one of 2 chunks of flesh.
You eat one of the 2 chunks of flesh.
This raw flesh tastes terrible.
Grinder says, "There's only one good use for a tongue: cutting it out."
Grinder gestures at you.
You suddenly lose the ability to move!
Grinder says, "What is the universe for?"
You can move again.
You hit Grinder.
Grinder is severely wounded.
Grinder hits you.
You writhe in agony.
* * * LOW HITPOINT WARNING * * *
You barely miss Grinder. You claw Grinder.
Grinder is almost dead.
Grinder hits you!
* * * LOW HITPOINT WARNING * * *
You writhe in agony.
You die...

##############
#.............
#.##########.# # # #.#
#..
....#######.############
##>..5@................
........###.############
.....##.#...###### #
.................?
......$...........
..................
..................
..........†......
.................


You could see Grinder.

Vanquished Creatures
  Ijyb (D:2)
  Terence (D:2)
  4 adders (D:2)
  An ooze (D:1)
  A worm (D:2)
  3 leopard geckos
  2 bats
  2 giant cockroaches
  6 hobgoblins
  2 kobolds (D:2)
  2 quokkas (D:2)
  3 frilled lizards
  5 goblins
  4 rats
37 creatures vanquished.

Vanquished Creatures (collateral kills)
  An adder (D:2)
  A bat (D:2)
  2 rats (D:2)
4 creatures vanquished.

Grand Total: 41 creatures vanquished

Notes
Turn   | Place    | Note
-------+----------+-------------------------------------------
     0 | D:1      | KleinerIrrer the Demigod Transmuter began the quest for the Orb.
     0 | D:1      | Reached XP level 1. HP: 15/15 MP: 5/5
   155 | D:1      | Reached skill level 3 in Unarmed Combat
   176 | D:1      | Reached XP level 2. HP: 22/22 MP: 5/7
   183 | D:1      | Learned a level 2 spell: Sticks to Snakes
   338 | D:1      | You fall through a shaft!
   841 | D:2      | Noticed Terence
   847 | D:2      | Reached XP level 3. HP: 26/27 MP: 1/8
   857 | D:2      | Killed Terence
  1217 | D:2      | Reached XP level 4. HP: 34/34 MP: 7/10
  1480 | D:3      | Noticed Ijyb
  1507 | D:2      | Killed Ijyb
  1507 | D:2      | Reached skill level 1 in Armour
  1655 | D:3      | Noticed Grinder
  1655 | D:3      | Noticed KleinerIrrer's ghost (amateur TrGl)
  1669 | D:3      | Paralysed by Grinder for 3 turns
  1688 | D:3      | Paralysed by Grinder for 5 turns
  1707 | D:3      | Paralysed by Grinder for 5 turns
  1714 | D:3      | HP: 1/34 [Grinder (6)]
  1714 | D:3      | Slain by Grinder

Skill      XL: |  1  2  3  4 |
---------------+-------------+-----
Unarmed Combat | 3 |  3.7
Spellcasting   | 2 |  2.5
Transmutations | 2 |  2.5
Armour         | 1 |  1.6
Fighting       | |  0.8
Dodging        | |  1.8

Action                   |  1- 3 |  4- 6 || total
-------------------------+-------+-------++-------
Melee: Unarmed           |    79 |    49 ||   128
       Headbutt          |     2 |     5 ||     7
       Kick              |    14 |     8 ||    22
       Punch             |       |     1 ||     1
 Cast: Beastly Appendage |    20 |    10 ||    30
       Sticks to Snakes  |     6 |     3 ||     9
  Use: Potion            |       |     5 ||     5
  Eat: Chunk             |     2 |     2 ||     4
Armor: Robe              |     5 |       ||     5
       Ring mail         |     9 |    20 ||    29
Dodge: Dodged            |    39 |    31 ||    70
